 Dungeon Crawl Stone Soup version 0.30-a0-6-g7c9e10e132 (webtiles) character file.

Game seed: 2087797389621570786

12182 SensoryNuts the Severer (level 11, 0/85 HPs)
             Began as a Hill Orc Fighter on Aug 22, 2022.
             Slain by an 11-headed hydra (5 damage)
             ... on level 9 of the Dungeon.
             The game lasted 00:12:05 (7643 turns).

SensoryNuts the Severer (Hill Orc Fighter)          Turns: 7643, Time: 00:12:05

Health: 0/85       AC: 18    Str: 24    XL:     11   Next: 89%
Magic:  11/11      EV:  8    Int:  4    God:
Gold:   710        SH: 25    Dex: 10    Spells: 10/10 levels left

rFire   . . .      SeeInvis .    a - +0 war axe (vorpal)
rCold   . . .      Faith    .    d - +10 tower shield of Ignorance {rN+ Int-4}
rNeg    + + .      Spirit   .    f - +2 pearl dragon scales
rPois   .          Reflect  .    (no helmet)
rElec   .          Harm     .    (no cloak)
rCorr   .          Rampage  .    q - +1 pair of gloves
Will    .....                    (no boots)
Stlth   ..........               e - amulet of regeneration
HPRegen 1.04/turn                i - +4 ring of slaying
MPRegen 0.12/turn                (no ring)

@: silenced
A: frail 1, mutation resistance 1
a: no special abilities


You were on level 9 of the Dungeon.
You visited 2 branches of the dungeon, and saw 10 of its levels.

You collected 710 gold pieces.

Inventory:

Hand Weapons
 a - a +0 vorpal war axe (weapon)
Armour
 d - the +10 tower shield of Ignorance (worn) {rN+ Int-4}
   (You acquired it on level 6 of the Dungeon)

   Int:       It affects your intelligence (-4).
   rN:        It protects you from negative energy.
 f - +2 pearl dragon scales (worn)
 q - a +1 pair of gloves (worn)
Jewellery
 e - an amulet of regeneration (around neck)
 i - a +4 ring of slaying (left hand)
 m - a ring of protection from fire
 s - the amulet of Ataipesh {Faith rCorr}
   (You found it on level 3 of the Dungeon)

   [amulet of faith]

   It allows you to gain divine favour quickly.
   rCorr:     It protects you from acid and corrosion.
 u - a +6 ring of intelligence
Wands
 j - a wand of iceblast (7)
 l - a wand of flame (17)
 t - a wand of acid (5)
 v - a wand of polymorph (14)
 w - a wand of mindburst (14)
Scrolls
 g - 3 scrolls of amnesia
Potions
 b - 2 potions of attraction
 n - a potion of brilliance
 o - 3 potions of degeneration
 r - a potion of cancellation


   Skills:
 + Level 8.6 Fighting
 * Level 16.6 Axes
 + Level 8.2 Armour
 + Level 3.7 Dodging
 + Level 1.0 Stealth
 + Level 9.6 Shields


You had 10 spell levels left.
You didn't know any spells.
Your spell library contained the following spells:

 Spells                   Type           Power      Damage    Failure   Level
 Apportation              Tloc           0%         N/A       100%        1
 Freeze                   Ice            0%         1d3       100%        1
 Necrotise                Necr           0%         1d4       100%        1
 Summon Small Mammal      Summ           0%         N/A       100%        1
 Static Discharge         Conj/Air       0%         3-3/arc   100%        2
 Call Canine Familiar     Summ           0%         N/A       100%        3
 Conjure Flame            Conj/Fire      0%         6-21      100%        3
 Dazzling Flash           Conj/Hex       0%         N/A       100%        3
 Frozen Ramparts          Ice            0%         1d1       100%        3
 Ignite Poison            Fire/Tmut/Pois 0%         N/A       100%        3
 Portal Projectile        Hex/Tloc       0%         N/A       100%        3
 Vampiric Draining        Necr           0%         2d6       100%        3
 Airstrike                Air            0%         2d(0-16)  100%        4
 Hailstorm                Conj/Ice       0%         3d3       100%        4
 Iskenderun's Mystic Bla  Conj/Tloc      0%         2d3       100%        4
 Leda's Liquefaction      Hex/Erth       0%         N/A       100%        4
 Sticky Flame             Conj/Fire      0%         2d3       100%        4
 Summon Lightning Spire   Summ/Air       0%         N/A       100%        4
 Agony                    Necr           0%         N/A       100%        5
 Alistair's Intoxication  Tmut/Pois      0%         N/A       100%        5
 Lightning Bolt           Conj/Air       0%         1d11      100%        5
 Starburst                Conj/Fire      0%         6d3       100%        6
 Maxwell's Capacitive Co  Air            0%         ∞         100%        8


Dungeon Overview and Level Annotations

Branches:
Dungeon (9/15)             Temple (1/1) D:4            Lair (0/5) D:8
    Orc: D:9-12

Altars:
Cheibriados
Dithmenos
Elyvilon
Fedhas
Hepliaklqana
Kikubaaqudgha
Makhleb
Nemelex Xobeh
Okawaru
Qazlal
Ru
Trog
Uskayaw
Vehumet
Wu Jian
Xom
Yredelemnul
Zin
The Shining One

Annotations:
D:7 1 runed translucent door, jujuben's ghost, novice GnHu


Innate Abilities, Weirdness & Mutations

You are frail. (-10% HP)
You are somewhat resistant to further mutation.


Message History

The nine-headed hydra barely misses you.
You block the nine-headed hydra's attack.
The nine-headed hydra bites you but does no damage.
The nine-headed hydra bites you!
* * * LOW HITPOINT WARNING * * *
The nine-headed hydra bites you.
* * * LOW HITPOINT WARNING * * *
The nine-headed hydra bites you.
* * * LOW HITPOINT WARNING * * *
The nine-headed hydra bites you but does no damage.
You hack one of the nine-headed hydra's heads off!
The eight-headed hydra grows two more!
You slash the ten-headed hydra!
The ten-headed hydra is lightly wounded.
You block the ten-headed hydra's attack.
The ten-headed hydra closely misses you.
You block the ten-headed hydra's attack.
The ten-headed hydra bites you but does no damage.
The ten-headed hydra completely misses you.
You block the ten-headed hydra's attack. x2
The ten-headed hydra bites you but does no damage.
The ten-headed hydra barely misses you. The ten-headed hydra bites you.
* * * LOW HITPOINT WARNING * * *
You slice one of the ten-headed hydra's heads off!
The nine-headed hydra grows two more!
You slash the 11-headed hydra!
The 11-headed hydra is lightly wounded.
You block the 11-headed hydra's attack. The 11-headed hydra bites you!
* * * LOW HITPOINT WARNING * * *
You block the 11-headed hydra's attack.
The 11-headed hydra bites you but does no damage. x3
The 11-headed hydra bites you.
* * * LOW HITPOINT WARNING * * *
You block the 11-headed hydra's attack. The 11-headed hydra bites you.
* * * LOW HITPOINT WARNING * * *
The 11-headed hydra closely misses you. You block the 11-headed hydra's attack.
Unknown command.
Okay, then.
Okay, then.
As you read the scroll of silence, it crumbles to dust.
A profound silence engulfs you. The 11-headed hydra bites you.
You die...

#. #......... .#.####.........
................ #..............
#..............
#######.......#####..
♣♣♣#.....#.......# #..
..♣#.♣♣♣.#.......# #?.
♣♣♣♣♣♣♣♣♣♣.♣#..D@.#.......# #..
....)....♣.♣##'##.#.......#####..
.♣♣♣♣♣♣♣.♣.♣ #..#.#..............
)♣#####♣.♣.♣ #..#.#..............
.♣....#♣.♣.♣###)#.######..#####..
.♣.#''#♣.♣....#'#.# #..# #..
.♣.#..#♣.♣.♣#.#)### #..# #..
.♣.#.)#♣.♣(♣#.#D.# #..#####..
.♣.####♣.♣.♣#.#..# #.......>.


You could see a 11-headed hydra.

Vanquished Creatures
  A centaur warrior (D:9)
  2 two-headed ogres
  A deep elf pyromancer (D:7)
  2 cyclopes (D:9)
  An elephant (D:8)
  3 manticores
  2 trolls
  A jumping spider (shapeshifter) (D:9)
  A vampire (D:9)
  3 wyverns (D:9)
  A shadow (D:9)
  10 yaks
  A basilisk (D:8)
  A steam dragon (D:7)
  An acid dragon (D:8)
  4 water moccasins
  Duvessa (D:4)
  5 orc warriors
  3 ice beasts
  3 sky beasts (D:7)
  2 black bears
  2 ogres (D:4)
  4 centaurs
  A phantom (D:7)
  A kobold brigand (D:7)
  5 bullfrogs
  3 scorpions (D:5)
  3 necrophages
  Dowan (D:4)
  9 wights
  5 killer bees (D:9)
  6 howler monkeys
  2 jellies (D:6)
  7 orc priests
  4 gnoll boudas
  2 hounds
  Crazy Yiuf (D:5)
  Jessica (D:3)
  4 iguanas
  4 orc wizards
  A hound skeleton (D:8)
  Robin (D:4)
  12 gnolls
  9 adders
  A shadow imp (D:7)
  2 white imps
  An ufetubus (D:3)
  3 worms
  2 dart slugs
  31 orcs
  4 ball pythons
  3 bats
  7 endoplasms
  2 giant cockroaches (D:2)
  16 goblins
  11 hobgoblins
  3 jackals (D:2)
  6 quokkas
  2 frilled lizards
  12 kobolds
  6 rats
249 creatures vanquished.

Vanquished Creatures (others)
  3 fungi (D:8)
3 creatures vanquished.

Grand Total: 252 creatures vanquished

Notes
Turn   | Place    | Note
-------+----------+-------------------------------------------
     0 | D:1      | SensoryNuts the Hill Orc Fighter began the quest for the
                  | Orb.
     0 | D:1      | Reached XP level 1. HP: 19/19 MP: 1/1
   143 | D:1      | Reached XP level 2. HP: 27/27 MP: 2/2
   677 | D:1      | Reached skill level 3 in Axes
   678 | D:1      | Reached XP level 3. HP: 33/33 MP: 3/3
   783 | D:2      | Found a faded altar of an unknown god.
   812 | D:2      | Found a stormy altar of Qazlal.
  1170 | D:2      | Reached XP level 4. HP: 41/41 MP: 4/4
  1594 | D:3      | Reached skill level 4 in Axes
  1701 | D:3      | Found a hide-covered altar of Uskayaw.
  1721 | D:3      | Noticed Jessica
  1723 | D:3      | Killed Jessica
  1733 | D:3      | Reached XP level 5. HP: 47/47 MP: 5/5
  1856 | D:3      | Identified the amulet of Ataipesh {Faith rCorr}
  2000 | D:3      | Reached skill level 5 in Axes
  2006 | D:3      | Reached skill level 1 in Dodging
  2191 | D:4      | Noticed an ogre
  2192 | D:4      | Noticed an ogre
  2250 | D:4      | Noticed Duvessa
  2250 | D:4      | Noticed Dowan
  2250 | D:4      | You fall into a shaft and drop 1 floor!
  2250 | D:5      | Entered Level 5 of the Dungeon
  2259 | D:5      | Found a runed translucent door.
  2260 | D:5      | Noticed Crazy Yiuf
  2380 | D:4      | Found a staircase to the Ecumenical Temple.
  2417 | D:4      | Killed an ogre
  2418 | D:4      | Reached skill level 6 in Axes
  2418 | D:4      | Reached XP level 6. HP: 53/53 MP: 6/6
  2486 | D:4      | Killed Duvessa
  2487 | D:4      | Reached skill level 5 in Fighting
  2487 | D:4      | Reached skill level 7 in Axes
  2487 | D:4      | Reached XP level 7. HP: 44/61 MP: 7/7
  2494 | D:4      | Killed Dowan
  2600 | D:4      | Noticed Robin
  2613 | D:4      | Killed Robin
  2888 | D:5      | Reached skill level 8 in Axes
  2912 | D:4      | Gained mutation: You are frail. (-10% HP) [potion of
                  | mutation]
  2912 | D:4      | Gained mutation: Your body sometimes deteriorates upon
                  | taking damage. [potion of mutation]
  2912 | D:4      | Gained mutation: You possess an exceptional clarity of
                  | mind. [potion of mutation]
  2913 | D:4      | Lost mutation: You possess an exceptional clarity of mind.
                  | [potion of mutation]
  2913 | D:4      | Lost mutation: Your body sometimes deteriorates upon taking
                  | damage. [potion of mutation]
  2913 | D:4      | Gained mutation: You are somewhat resistant to further
                  | mutation. [potion of mutation]
  3097 | D:5      | Reached XP level 8. HP: 62/62 MP: 8/8
  3105 | D:5      | Reached skill level 9 in Axes
  3113 | D:5      | Noticed a yak
  3114 | D:5      | Noticed a yak
  3136 | D:5      | Noticed a yak
  3136 | D:5      | Noticed a yak
  3137 | D:5      | Noticed a yak
  3137 | D:5      | Noticed a yak
  3139 | D:5      | Killed a yak
  3140 | D:5      | Reached skill level 5 in Armour
  3154 | D:5      | Killed a yak
  3155 | D:5      | Reached skill level 10 in Axes
  3159 | D:5      | Killed a yak
  3166 | D:5      | Killed a yak
  3167 | D:5      | Reached skill level 5 in Shields
  3180 | D:5      | Killed a yak
  3181 | D:5      | Reached skill level 11 in Axes
  3185 | D:5      | Killed a yak
  3186 | D:5      | Reached XP level 9. HP: 48/67 MP: 9/9
  3247 | Temple   | Entered the Ecumenical Temple
  3980 | D:5      | Killed Crazy Yiuf
  4150 | D:6      | Reached skill level 12 in Axes
  4378 | D:6      | Found a hazy altar of Hepliaklqana.
  4943 | D:6      | Identified a scroll of acquirement
  4943 | D:6      | Acquired the +10 tower shield of Ignorance {rN+ Int-4}
  4943 | D:6      | Found the +10 tower shield of Ignorance {rN+ Int-4}
  5137 | D:7      | Reached skill level 13 in Axes
  5257 | D:7      | Reached XP level 10. HP: 75/75 MP: 10/10
  5279 | D:7      | Noticed a deep elf pyromancer
  5283 | D:7      | Noticed a manticore
  5306 | D:7      | Killed a manticore
  5321 | D:7      | Killed a deep elf pyromancer
  5407 | D:7      | Found the +4 robe of Folly {Brilliance Will-∞ Int+8}
  5450 | D:7      | Identified the +6 rapier of the Screaming Wasp {vorpal,
                  | rElec rF- rN+ Dex+2}
  5560 | D:7      | Found a runed translucent door.
  5610 | D:7      | Reached skill level 14 in Axes
  5653 | D:7      | Found a bloodstained altar of Trog.
  5654 | D:7      | Found an ornate altar of the Wu Jian Council.
  5911 | D:7      | Noticed jujuben's ghost (novice GnHu)
  6240 | D:8      | Found a burning altar of Makhleb.
  6284 | D:8      | Noticed a two-headed ogre
  6297 | D:8      | Killed a two-headed ogre
  6381 | D:8      | Noticed an elephant
  6395 | D:8      | Killed an elephant
  6396 | D:8      | Reached skill level 15 in Axes
  6415 | D:8      | Found a staircase to the Lair.
  6447 | D:8      | Reached XP level 11. HP: 26/82 MP: 11/11
  7225 | D:9      | Reached skill level 1 in Stealth
  7346 | D:9      | Identified the +7 longbow "Pendulum" {venom, rF+}
  7350 | D:9      | Noticed a manticore
  7368 | D:9      | Killed a manticore
  7369 | D:9      | Reached skill level 16 in Axes
  7386 | D:9      | Noticed a two-headed ogre
  7386 | D:9      | Noticed a cyclops
  7430 | D:9      | Killed a two-headed ogre
  7438 | D:9      | Killed a cyclops
  7502 | D:9      | Noticed a centaur warrior
  7513 | D:9      | Killed a centaur warrior
  7517 | D:9      | Noticed a cyclops
  7526 | D:9      | Killed a cyclops
  7600 | D:9      | Noticed a manticore
  7616 | D:9      | Killed a manticore
  7620 | D:9      | Noticed an eight-headed hydra
  7642 | D:9      | HP: 4/85 [11-headed hydra (3)]
  7643 | D:9      | Slain by an 11-headed hydra

Illustrated notes

Levels and vault maps discovered:
D:1:      ebering_trefoil_3fold, layout_basic
D:2:      minmay_spotlight, layout_basic, basic_ecumenical_altar, basic_altar
D:3:      layout_loops_ring, nicolae_uskayaw_murder_on_the_dancefloor,
          minmay_surrounded, uniq_jessica
D:4:      layout_rooms, minmay_temple_entry_from_below_a, uniq_duvessa,
          uniq_robin
D:5:      layout_basic, uniq_crazy_yiuf_cottage
D:6:      layout_loops_corners, lemuel_tele_altar, minmay_misc_feat_diagonals
D:7:      layout_cave_pools, nicolae_overflow_hidden_temple,
          ebering_ghost_reflecting_pool, st_stairs_4, eino_tiny_chamber,
          minmay_the_grid_2x2 [minmay_the_grid_square_x,
          minmay_the_grid_dragon_a, minmay_the_grid_minigrid_small_alt,
          minmay_the_grid_prize_trominoes]
D:8:      layout_loops_corners, makhleb_blood_cavern_becter, david_lair_generic,
          minmay_crystal_room, small_statue_intersection
D:9:      nzn_winding_woodlands_large [nzn_winding_woodlands_hourglass,
          nzn_winding_woodlands_5x15_pool, nzn_winding_woodlands_5x5_cross,
          nzn_winding_woodlands_center_lodge,
          nzn_winding_woodlands_15x15_boxy_spiral,
          nzn_winding_woodlands_center_triple_pond,
          nzn_winding_woodlands_5x5_perimeter,
          nzn_winding_woodlands_5x15_default,
          nzn_winding_woodlands_5x5_default], layout_small_grid,
          grunt_ashenzari_visionary [grunt_ashenzari_visionary_shoals,
          grunt_ashenzari_visionary_spider],
          chequers_temple_overflow_statue_of_worship
Temple:   nicolae_temple_bog_church

Skill      XL: |  1  2  3  4  5  6  7  8  9 10 11 |
---------------+----------------------------------+-----
Fighting       | 4 5 6 7 8 |  8.6
Axes           | 3 4 6 7 8 11 13 15 16 | 16.6
Armour         | 4 5 6 7 8 |  8.2
Dodging        | 1 2 3 |  3.7
Shields        | 4 5 6 8 9 |  9.6
Stealth        | 1 |  1.0

Action                   |  1- 3 |  4- 6 |  7- 9 | 10-12 || total
-------------------------+-------+-------+-------+-------++-------
Melee: War axe           |    79 |    94 |   285 |   333 ||   791
  Use: Potion            |       |     2 |    10 |     4 ||    16
       Scroll            |       |       |    14 |    10 ||    24
Armor: Scale mail        |    42 |    49 |    90 |    10 ||   191
       Skin              |       |       |    10 |       ||    10
       Pearl dragon scal |       |       |       |   160 ||   160
Dodge: Dodged            |    37 |    47 |    65 |    49 ||   198
Block: Buckler           |    19 |    15 |       |       ||    34
       Kite shield       |       |    13 |    82 |       ||    95
       Tower shield      |       |       |   112 |   417 ||   529

Table legend: (Time is in decaauts)
 A = Elapsed time spent in this place.
 B = Non-inter-level travel time spent in this place.
 C = Inter-level travel time spent in this place.
 D = Time resting spent in this place.
 E = Time spent auto-exploring this place.
 F = Levels seen in this place.
 G = Mean time per level.
                   A        B        C        D        E       F      G
               +--------+--------+--------+--------+--------+-----+--------+
         Total |   7792 |   7347 |    445 |      0 |   5537 |  10 |  779.2 |
       Dungeon |   7579 |   7197 |    382 |      0 |   5400 |   9 |  842.1 |
        Temple |    212 |    149 |     63 |      0 |    137 |   1 |  212.0 |
               +--------+--------+--------+--------+--------+-----+--------+

Top non-repeatable levels by time:
     D:8: 1097 daAuts
     D:5: 1065 daAuts
     D:7: 1007 daAuts
     D:6: 972 daAuts
     D:2: 804 daAuts
     D:1: 800 daAuts
     D:3: 689 daAuts
     D:9: 598 daAuts
     D:4: 543 daAuts
  Temple: 212 daAuts
